 Dungeon Crawl Stone Soup version 0.28-a0-984-g3775c662fe (webtiles) character file.

Game seed: 2764260589335660673

112 vurker the Stinger (level 4, 14/19 HPs)
             Began as a Felid Venom Mage on Dec 3, 2021.
             Quit the game on level 4 of the Dungeon.
             The game lasted 00:06:21 (5252 turns).

vurker the Stinger (Felid Venom Mage)               Turns: 5252, Time: 00:06:22

Health: 14/19      AC:  1    Str:  4    XL:     4   Next: 64%
Magic:  1/10       EV: 18    Int: 18    God:
Gold:   116        SH:  0    Dex: 22    Spells: 3/10 levels left
                                        Lives:  0   Deaths: 1

rFire   . . .      SeeInvis +   (weapon unavailable)
rCold   . . .      Faith    .   (shield unavailable)
rNeg    . . .      Spirit   .   (armour unavailable)
rPois   .          Reflect  .   (helmet unavailable)
rElec   .          Harm     .   (cloak unavailable)
rCorr   .          Rampage  .   (gloves unavailable)
Will    .....                   (boots unavailable)
Stlth   +++.......              (no amulet)
HPRegen 0.06/turn               k - +6 ring of dexterity
MPRegen 0.12/turn               (no ring)

@: very slightly contaminated, quick
A: very small, claws 1, fangs 3, see invisible, speed 1, shaggy fur 1, stealthy
paws, no weapons or thrown items, no armour, multi-lived
a: no special abilities


You were on level 4 of the Dungeon.
You visited 1 branch of the dungeon, and saw 4 of its levels.

You collected 116 gold pieces.

Inventory:

Jewellery
 k - a +6 ring of dexterity (left paw)
   (You found it on level 3 of the Dungeon)
Wands
 v - a wand of digging (4)
   (You found it on level 2 of the Dungeon)
Scrolls
 a - a scroll of immolation {unknown}
 b - a scroll of fear {unknown}
 f - 3 scrolls of identify {unknown}
 g - a scroll of torment {unknown}
Potions
 c - a potion of berserk rage {unknown}
 d - a potion of cancellation {unknown}
 e - a potion of might {unknown}
 h - a potion of brilliance {unknown}
 i - a potion of haste {unknown}
 j - a potion of mutation {unknown}


   Skills:
 + Level 2.0 Fighting
 - Level 2.6 Dodging
 - Level 2.6 Stealth
 * Level 3.5 Spellcasting
 - Level 1.1 Transmutations
 * Level 4.1 Poison Magic


You had 3 spell levels left.
You knew the following spells:

 Your Spells              Type           Power      Damage    Failure   Level
a - Sting                 Tmut/Pois      48%        1d5       5%          1
c - Poisonous Vapours     Pois/Air       20%        N/A       10%         2
q - Olgreb's Toxic Radia  Pois           17%        N/A       28%         4

Your spell library contained the following spells:

 Spells                   Type           Power      Damage    Failure   Level
 Mephitic Cloud           Conj/Pois/Air  8%         N/A       26%         3


Dungeon Overview and Level Annotations

Branches:
Dungeon (4/15)
 Temple: D:4-7

Altars:
Cheibriados


Innate Abilities, Weirdness & Mutations

You have sharp claws.
You have razor-sharp teeth.
You have supernaturally acute eyesight. (SInv)
You cover ground quickly. (Speed+)
You are covered in fur. (AC +1)
Your paws help you pounce on unaware monsters.
You are incapable of wielding weapons or throwing items.
You cannot wear armour.
You gain extra lives every three experience levels.


Message History

The jackal barks!
The jackal is poisoned. x2
The jackal barks!
The jackal is poisoned.
The jackal looks even sicker.
The jackal barely misses you.
You kill the jackal!
Found a glowing whip.
Your toxic aura wanes.
You kill the jackal!
Aim: a jackal (almost dead, poisoned, 64% to hit)
The sting hits the jackal.
The jackal looks even sicker.
You kill the jackal!
Aim: a hound skeleton (86% to hit)
The sting hits the hound skeleton.
The hound skeleton partially resists.
Aim: a hound skeleton (lightly damaged, 86% to hit)
The sting hits the hound skeleton.
The hound skeleton partially resists.
The hound skeleton closely misses you.
You barely miss the hound skeleton. The hound skeleton barely misses you.
You scratch the hound skeleton. The hound skeleton closely misses you.
You scratch the hound skeleton.
You bite the hound skeleton, but do no damage.
The hound skeleton barely misses you. The hound skeleton misses you.
Aim: a hound skeleton (moderately damaged, 86% to hit)
The sting hits the hound skeleton.
The hound skeleton partially resists.
The hound skeleton completely misses you.
Aim: a hound skeleton (moderately damaged, 86% to hit)
The sting hits the hound skeleton.
The hound skeleton partially resists.
The hound skeleton misses you.
Aim: a hound skeleton (moderately damaged, 86% to hit)
The sting hits the hound skeleton.
The hound skeleton closely misses you. The hound skeleton barely misses you.
Aim: a hound skeleton (moderately damaged, 86% to hit)
You miscast Sting.
You are very lightly contaminated with residual magic.
Nothing appears to happen.
The hound skeleton barely misses you.
Aim: a hound skeleton (moderately damaged, 86% to hit)
You miscast Sting.
Nothing appears to happen.
The hound skeleton bites you.
You don't have enough magic to cast this spell.
You don't have enough magic to cast this spell.
You scratch the hound skeleton. The hound skeleton bites you.
The hound skeleton closely misses you.
You closely miss the hound skeleton. The hound skeleton bites you.
You scratch the hound skeleton. The hound skeleton misses you.
You scratch the hound skeleton but do no damage.
The hound skeleton completely misses you.
You scratch the hound skeleton.
The hound skeleton completely misses you. x2
You scratch the hound skeleton. The hound skeleton barely misses you.
You scratch the hound skeleton.
You destroy the hound skeleton!

..#.... .....#
####.....#
........#
#..#...#
#......# #
#.††.#
##.##.#<##
.......@.####
...##|#.....#
..)..<......#
...............
...........###.
...........#
.....#######
..... ....#


There were no monsters in sight!

Vanquished Creatures
  An orc priest (D:3)
  A hound skeleton (D:4)
  Robin (D:3)
  2 adders (D:2)
  2 worms (D:3)
  3 dart slugs (D:2)
  3 orcs (D:3)
  10 ball pythons
  7 bats
  3 endoplasms
  2 giant cockroaches
  16 goblins
  4 hobgoblins
  7 jackals
  2 quokkas
  7 frilled lizards
  10 kobolds
  5 rats
86 creatures vanquished.

Vanquished Creatures (others)
  10 plants (D:1)
10 creatures vanquished.

Grand Total: 96 creatures vanquished

Notes
Turn   | Place    | Note
-------+----------+-------------------------------------------
     0 | D:1      | vurker the Felid Venom Mage began the quest for the Orb.
     0 | D:1      | Reached XP level 1. HP: 7/7 MP: 4/4
   517 | D:1      | Reached XP level 2. HP: 12/12 MP: 0/6
   672 | D:1      | Reached skill level 3 in Poison Magic
  1792 | D:2      | Reached skill level 1 in Fighting
  1792 | D:2      | Reached XP level 3. HP: 13/15 MP: 0/7
  1795 | D:2      | Learned a level 2 spell: Poisonous Vapours
  2491 | D:2      | Found a snail-covered altar of Cheibriados.
  2750 | D:2      | Reached XP level 4. HP: 18/19 MP: 1/9
  2755 | D:2      | Learned a level 4 spell: Olgreb's Toxic Radiance
  3179 | D:3      | Noticed Robin
  4821 | D:3      | Killed Robin
  5140 | D:3      | Killed from afar by an orc priest
  5141 | D:3      | Reached XP level 3. HP: -6/16 MP: 1/8
  5147 | D:3      | Reached skill level 4 in Poison Magic
  5147 | D:3      | Reached XP level 4. HP: 19/19 MP: 10/10
  5252 | D:4      | Quit the game

Illustrated notes

Levels and vault maps discovered:
D:1:      tarquinn_simple_flora_water_a, layout_basic, minmay_misc_feat_cross,
          lexackson_kobold_supper
D:2:      layout_loops_ring, basic_altar, minmay_cut_off
D:3:      layout_loops_ring, uniq_robin
D:4:      layout_rooms, minmay_rat_hole

Skill      XL: |  1  2  3 |
---------------+----------+-----
Poison Magic   | 3 4 |  4.1
Fighting       | 1 2 |  2.0
Spellcasting   | 3 |  3.5
Dodging        | |  2.6
Stealth        | |  2.6
Transmutations | |  1.1

Action                   |  1- 3 |  4- 6 || total
-------------------------+-------+-------++-------
Melee: Unarmed           |    46 |    34 ||    80
       Bite              |     1 |     6 ||     7
 Cast: Sting             |    93 |    31 ||   124
       Poisonous Vapours |       |    46 ||    46
       Olgreb's Toxic Ra |       |     1 ||     1
 Stab: Sleeping          |     3 |       ||     3
Armor: Skin              |     8 |     1 ||     9
Dodge: Dodged            |    78 |    60 ||   138

Table legend: (Time is in decaauts)
 A = Elapsed time spent in this place.
 B = Non-inter-level travel time spent in this place.
 C = Inter-level travel time spent in this place.
 D = Time resting spent in this place.
 E = Time spent auto-exploring this place.
 F = Levels seen in this place.
 G = Mean time per level.
                   A        B        C        D        E       F      G
               +--------+--------+--------+--------+--------+-----+--------+
         Total |   4831 |   4674 |    157 |    331 |   3645 |   4 | 1207.8 |
       Dungeon |   4831 |   4674 |    157 |    331 |   3645 |   4 | 1207.8 |
               +--------+--------+--------+--------+--------+-----+--------+

Top non-repeatable levels by time:
     D:1: 1664 daAuts
     D:2: 1599 daAuts
     D:3: 1544 daAuts
     D:4: 23 daAuts
